 Dungeon Crawl Stone Soup version 0.22.1-2-g9c5b331 (webtiles) character file.

35 retrovino the Skirmisher (level 3, 0/33 HPs)
             Began as a Hill Orc Fighter on Dec 22, 2018.
             Succumbed to a worker ant's poison
             ... on level 5 of the Dungeon.
             The game lasted 00:10:21 (1443 turns).

retrovino the Skirmisher (Hill Orc Fighter)         Turns: 1443, Time: 00:10:22

Health: 0/33       AC:  5    Str: 18    XL:     3   Next: 35%
Magic:  3/3        EV:  8    Int:  8    God:
Gold:   118        SH:  9    Dex: 11    Spells: 2/2 levels left

rFire    . . .     SeeInvis .   a - +0 long sword
rCold    . . .     Gourm    .   c - +0 shield
rNeg     . . .     Faith    .   n - +0 ring mail
rPois    .         Spirit   .   (no helmet)
rElec    .         Reflect  .   (no cloak)
rCorr    .         Harm     .   (no gloves)
MR       .....                  (no boots)
Stlth    +.........             (no amulet)
HPRegen  0.11/turn              (no ring)
MPRegen  0.08/turn              (no ring)

@: lethally poisoned (0 -> -3)
A: no striking features
a: no special abilities


You were on level 5 of the Dungeon.
You were not hungry.

You visited 1 branch of the dungeon, and saw 4 of its levels.

You collected 118 gold pieces.

Inventory:

Hand Weapons
 a - a +0 long sword (weapon)
 g - a +0 club
 h - a +0 dagger
 j - a +0 dagger
 k - a +2 dagger of holy wrath
 l - a +0 whip
 m - a +0 dagger
 r - a +0 whip
Missiles
 i - 32 arrows
 x - 8 poisoned needles
Armour
 b - a +0 scale mail
 c - a +0 shield (worn)
 e - a +0 robe
 n - a +0 ring mail (worn)
 v - a cursed +0 scale mail
Jewellery
 s - a cursed ring of attention {unknown}
Scrolls
 o - 3 scrolls of identify {unknown}
 u - a scroll of remove curse {unknown}
Potions
 d - a potion of might
 p - a potion of degeneration {unknown}
 q - 2 potions of agility {unknown}
 t - 2 potions of brilliance {unknown}
 w - a potion of mutation {unknown}
Comestibles
 f - a ration


   Skills:
 + Level 4.0 Fighting
 + Level 2.8 Long Blades
 + Level 3.7 Armour
 + Level 3.7 Shields


You had 2 spell levels left.
You didn't know any spells.
Your spell library was empty.

Dungeon Overview and Level Annotations

Branches:
Dungeon (3/15)

Altars:
Zin

Annotations:
D:5 2 runed doors


Message History

The worker ant bites you.
You are poisoned.
The worker ant poisons you! The worker ant bites you.
* * * LOW HITPOINT WARNING * * *
You hit the worker ant.
The worker ant is heavily wounded.
You feel sick. You block the worker ant's attack. The worker ant bites you.
* * * LOW HITPOINT WARNING * * *
You hit the worker ant.
The worker ant is severely wounded.
* * * LOW HITPOINT WARNING * * *
You feel sick. The worker ant closely misses you.
You closely miss the worker ant.
The worker ant is severely wounded.
The worker ant barely misses you. The worker ant closely misses you.
You riposte.
You hit the worker ant.
The worker ant is almost dead.
You hit the worker ant but do no damage.
The worker ant is almost dead.
You die...

.. #### ......
.#..# ...# #####
..# #....##.#
##.#.########
#..#....@a..#
#$#.'.##++##...#
####### .#


You could see a worker ant.

Vanquished Creatures
  An adder skeleton (D:5)
  A leopard gecko (D:1)
  2 giant cockroaches (D:2)
  12 goblins
  A hobgoblin (D:1)
  3 kobolds (D:2)
  A quokka (D:2)
  A bat (D:1)
  5 rats
  A bush (D:1)
  2 plants (D:1)
30 creatures vanquished.

Vanquished Creatures (others)
  A kobold (D:1)
1 creature vanquished.

Grand Total: 31 creatures vanquished

Notes
Turn   | Place    | Note
-------+----------+-------------------------------------------
     0 | D:1      | retrovino the Hill Orc Fighter began the quest for the Orb.
     0 | D:1      | Reached XP level 1. HP: 19/19 MP: 1/1
   154 | D:1      | Reached XP level 2. HP: 23/27 MP: 2/2
   876 | D:2      | Reached XP level 3. HP: 32/33 MP: 3/3
  1019 | D:2      | Reached skill level 4 in Fighting
  1036 | D:2      | Found a glowing silver altar of Zin.
  1411 | D:3      | You fall through a shaft for 2 floors!
  1411 | D:5      | Entered Level 5 of the Dungeon
  1432 | D:5      | Found a large runed door.
  1432 | D:5      | Found a large runed door.
  1441 | D:5      | HP: 1/33 [poisoned by a worker ant]
  1443 | D:5      | Succumbed to a worker ant's poison

Skill      XL: |  1  2  3 |
---------------+----------+-----
Fighting       | 4 |  4.0
Long Blades    | |  2.8
Armour         | |  3.7
Shields        | |  3.7

Action                   || total
-------------------------++-------
Melee: Long sword        ||   230
  Eat: Ration            ||     1
Armor: Scale mail        ||    10
       Ring mail         ||    19
Dodge: Dodged            ||    27
Block: Shield            ||    47
       Rpst.: Long sword ||     6
